 Dungeon Crawl Stone Soup version 0.28.0-1-gb440e238dd (webtiles) character file.

Game seed: 7954397948625606718

6402 chmiii the Fighter (level 10, -9/107 HPs)
             Began as a Troll Hunter on Feb 19, 2022.
             Was a Follower of Trog.
             Mangled by a wraith (15 damage)
             ... led by Josephine
             ... on level 10 of the Dungeon.
             The game lasted 00:50:52 (9388 turns).

chmiii the Fighter (Troll Hunter)                   Turns: 9388, Time: 00:50:56

Health: -9/107     AC:  7    Str: 22    XL:     10   Next: 66%
Magic:  0/9        EV: 11    Int:  7    God:    Trog [*.....]
Gold:   527        SH:  0    Dex: 14    Spells: 9/9 levels left

rFire   . . .      SeeInvis .   (no weapon)
rCold   . . .      Faith    .   B - orb {mayhem}
rNeg    . . .      Spirit   +   (armour restricted)
rPois   +          Reflect  .   (helmet restricted)
rElec   .          Harm     .   D - +0 cloak
rCorr   .          Rampage  .   (gloves unavailable)
Will    .....                   (boots unavailable)
Stlth   +.........              i - amulet of guardian spirit
HPRegen 1.07/turn               A - +4 ring of protection
MPRegen 0.11/turn               x - ring of poison resistance

@: mighty, slowed, very slow
A: large, unfitting armour, claws 3, regeneration 1, shaggy fur 1, tough skin 1
a: Renounce Religion, Berserk


You were on level 10 of the Dungeon.
You worshipped Trog.
Trog was aware of your devotion.
You visited 2 branches of the dungeon, and saw 11 of its levels.

You collected 527 gold pieces.

Inventory:

Hand Weapons
 b - a +0 hunting sling
 j - a +0 morningstar
 I - a +0 great mace
Missiles
 a - 40 poisoned darts
 c - 4 large rocks
 d - 3 throwing nets
 o - 2 curare-tipped darts
 p - 51 sling bullets
 E - a boomerang (quivered)
 G - 2 silver boomerangs
 K - 6 datura-tipped darts
Armour
 q - a +1 robe
 B - an orb of mayhem (worn)
 D - a +0 cloak (worn)
 L - a +0 troll leather armour
Jewellery
 i - an amulet of guardian spirit (around neck)
 l - a ring of protection from cold
 x - a ring of poison resistance (right claw)
 A - a +4 ring of protection (left claw)
Wands
 y - a wand of polymorph (9)
 C - a wand of flame (12)
Scrolls
 e - a scroll of vulnerability {unknown}
 g - 10 scrolls of enchant armour
 h - a scroll of summoning
 k - a scroll of blinking
 n - 2 scrolls of fog
 u - a scroll of magic mapping
 z - 3 scrolls of teleportation
 J - 3 scrolls of torment {unknown}
Potions
 f - 2 potions of brilliance
 m - 3 potions of attraction
 s - a potion of resistance {unknown}
 t - a potion of heal wounds {unknown}
 v - 4 potions of flight {unknown}
 w - a potion of lignification {unknown}
 F - 2 potions of curing {unknown}
 H - a potion of mutation {unknown}


   Skills:
 - Level 9.5 Fighting
 * Level 8.3 Maces & Flails
 - Level 6.0 Throwing
 - Level 5.0 Dodging
 - Level 0.3 Stealth


You had 9 spell levels left.
You didn't know any spells.
Your spell library contained the following spells:

 Spells                   Type           Power      Damage    Failure   Level
 Animate Skeleton         Necr           0%         N/A       43%         1
 Pain                     Necr           0%         1d4       43%         1
 Sandblast                Erth           0%         2d4       43%         1
 Slow                     Hex            0%         N/A       43%         1
 Corpse Rot               Necr/Air       0%         N/A       56%         2
 Poisonous Vapours        Pois/Air       0%         N/A       56%         2
 Confusing Touch          Hex            0%         N/A       80%         3
 Inner Flame              Hex/Fire       0%         N/A       80%         3
 Vampiric Draining        Necr           0%         2d6       80%         3
 Cause Fear               Hex            0%         N/A       99%         4
 Borgnjor's Revivificati  Necr           0%         N/A       100%        8
 Discord                  Hex            0%         N/A       100%        8
 Necromutation            Tmut/Necr      0%         N/A       100%        8
 Death's Door             Necr           0%         N/A       100%        9


Dungeon Overview and Level Annotations

Branches:
Dungeon (10/15)            Temple (1/1) D:4            Lair (0/6) D:8
    Orc: D:9-12

Altars:
Ashenzari
Cheibriados
Dithmenos
Elyvilon
Fedhas
Gozag
Hepliaklqana
Kikubaaqudgha
Makhleb
Nemelex Xobeh
Okawaru
Qazlal
Ru
Trog
Uskayaw
Vehumet
Wu Jian
Xom
Yredelemnul
Zin
The Shining One

Annotations:
D:7 2 transporters, croobank's ghost, novice DrFE


Innate Abilities, Weirdness & Mutations

You are too large for most types of armour.
You have claws for hands.
Your natural rate of healing is unusually fast.
You are covered in fur. (AC +1)
You have tough skin. (AC +1)


Message History

You feel as though you will be slow longer.
You scratch the wraith but do no damage.
The wraith is almost destroyed.
The wraith hits you! The wraith drains your vigour!
You feel as though you will be slow longer.
You scratch the wraith.
You destroy the wraith!
Trog accepts your kill.
The wraith flies into a frenzy!
The wraith closely misses you. The wraith hits you.
The wraith drains your vigour!
You feel as though you will be slow longer.
You barely miss the wraith. The wraith misses you. The wraith hits you!
You are too injured to fight recklessly!
You are too injured to fight recklessly!
You are too injured to fight recklessly!
The wraith hits you but does no damage. The wraith hits you!!
The wraith drains your vigour!
You feel as though you will be slow longer.
The wraith hits you.
* * * LOW HITPOINT WARNING * * *
The wraith barely misses you. The wraith hits you!
* * * LOW HITPOINT WARNING * * *
The wraith drains your vigour!
You feel as though you will be slow longer.
The wraith hits you.
* * * LOW HITPOINT WARNING * * *
The wraith hits you!
* * * LOW HITPOINT WARNING * * *
The wraith drains your vigour!
You feel as though you will be slow longer.
Okay, then.
It was a potion of might.
You feel very mighty all of a sudden. The wraith hits you.
* * * LOW HITPOINT WARNING * * *
The wraith drains your vigour!
You feel as though you will be slow longer.
The wraith hits you!
You die...

..........#.# .#
#../..#.###.###
#..#..........# ###
##......##...##
...####....###..##
....##....###..####
.#........#.......#
###.............W....#
..# ####......#.@....#
#.### ##.<....##.....#
..$.# #..#...........#
....###..#...........#
.>...#..##...#.#).<..#
)...(.†......).......##
(....#.(##.......###..#
......)..........####.##
.......†).........###..#


You could see a neutral wraith (fast, strong, insane).

Vanquished Creatures
  Josephine (D:9)
  Pikel (D:8)
  A troll (D:10)
  Sigmund (D:5)
  3 wraiths
  Eustachio (D:5)
  A fire bat (D:6)
  9 yaks
  A steam dragon (D:8)
  2 wargs (D:9)
  A water moccasin (D:8)
  An orc warrior (D:8)
  2 ice beasts
  A black bear (D:5)
  A necrophage (D:7)
  An ogre (D:5)
  A phantom (D:4)
  2 centaurs (D:10)
  A bullfrog (D:8)
  3 kobold brigands
  3 scorpions
  3 wyvern zombies
  2 bullfrog zombies
  3 orc priests
  A hound (D:7)
  A jelly (D:6)
  3 centaur zombies
  A gnoll shaman (D:9)
  5 iguanas
  7 orc wizards
  A howler monkey zombie (D:7)
  6 adders
  3 gnolls (D:9)
  3 shadow imps
  2 white imps
  An ufetubus (D:5)
  4 worms
  4 dart slugs
  21 orcs
  8 endoplasms
  2 giant cockroaches (D:4)
  9 goblins
  7 hobgoblins
  A quokka (D:2)
  9 ball pythons
  3 bats
  4 frilled lizards
  17 kobolds
  5 rats
  A spectral kobold (D:1)
175 creatures vanquished.

Vanquished Creatures (collateral kills)
  A wraith (D:9)
  7 kobolds
8 creatures vanquished.

Vanquished Creatures (others)
  A yak (D:10)
  An orc wizard (D:6)
  A kobold (D:9)
3 creatures vanquished.

Grand Total: 186 creatures vanquished

Notes
Turn   | Place    | Note
-------+----------+-------------------------------------------
     0 | D:1      | chmiii the Troll Hunter began the quest for the Orb.
     0 | D:1      | Reached XP level 1. HP: 19/19 MP: 0/0
   169 | D:1      | Reached skill level 2 in Fighting
   193 | D:1      | Reached XP level 2. HP: 28/28 MP: 1/1
   261 | D:1      | Found a faded altar of an unknown god.
   885 | D:2      | Reached XP level 3. HP: 36/36 MP: 2/2
  1162 | D:2      | Reached skill level 3 in Fighting
  1275 | D:2      | Reached XP level 4. HP: 44/45 MP: 3/3
  2008 | D:3      | Noticed a scorpion
  2013 | D:3      | Killed a scorpion
  2014 | D:3      | Reached XP level 5. HP: 54/54 MP: 4/4
  2294 | D:4      | Found a staircase to the Ecumenical Temple.
  2353 | Temple   | Entered the Ecumenical Temple
  2622 | D:4      | Reached skill level 4 in Fighting
  2787 | D:4      | Reached XP level 6. HP: 55/63 MP: 5/5
  2920 | D:4      | Reached skill level 5 in Throwing
  3024 | D:5      | Entered Level 5 of the Dungeon
  3180 | D:5      | Noticed Sigmund
  3180 | D:5      | Noticed Eustachio
  3227 | D:5      | Killed Sigmund
  3228 | D:5      | Reached skill level 5 in Fighting
  3228 | D:5      | Reached XP level 7. HP: 60/72 MP: 6/6
  3278 | D:5      | Killed Eustachio
  3387 | D:5      | Got An Introduction to Witchery
  3545 | D:5      | Reached skill level 6 in Fighting
  3793 | D:5      | Reached XP level 8. HP: 84/84 MP: 7/7
  4276 | D:6      | Reached skill level 7 in Fighting
  4530 | D:6      | Found an ancient bone altar of Kikubaaqudgha.
  4531 | D:6      | Found a burning altar of Makhleb.
  5319 | D:7      | Noticed a boulder beetle
  5356 | D:7      | Noticed croobank's ghost (novice DrFE)
  5384 | D:7      | Found a transporter.
  5386 | D:7      | Found a transporter.
  5646 | D:7      | Reached skill level 8 in Fighting
  6154 | D:7      | Reached XP level 9. HP: 94/96 MP: 8/8
  6340 | D:8      | Found a staircase to the Lair.
  6999 | D:8      | Noticed Pikel
  7031 | D:8      | Killed Pikel
  7032 | D:8      | Reached skill level 9 in Fighting
  7097 | D:8      | Found an ornate altar of the Wu Jian Council.
  7100 | D:8      | Found a blossoming altar of Fedhas.
  7103 | D:8      | Found a bloodstained altar of Trog.
  7107 | D:8      | Became a worshipper of Trog the Wrathful
  7635 | D:9      | Reached skill level 5 in Dodging
  7768 | D:9      | Reached skill level 1 in Maces & Flails
  8126 | D:10     | Entered Level 10 of the Dungeon
  8488 | D:10     | Reached XP level 10. HP: 106/107 MP: 7/9
  8502 | D:10     | Reached skill level 5 in Maces & Flails
  8510 | D:10     | Noticed Josephine
  8695 | D:9      | Reached * piety under Trog
  8894 | D:9      | Killed Josephine
  9388 | D:10     | Mangled by a wraith

Illustrated notes

Levels and vault maps discovered:
D:1:      lemuel_arrival_room, layout_basic, serial_forest,
          infiniplex_forest_lined_3_way, infiniplex_forest_clump_curved,
          infiniplex_forest_lined_3, infiniplex_forest_lined_corner,
          infiniplex_forest_lined_corner, infiniplex_forest_zigzag_1,
          infiniplex_forest_clump_small, infiniplex_forest_clump_tiny,
          infiniplex_forest_clump_double,
          dreamdust_ecumenical_altar_drowned_temple
D:2:      layout_basic, nicolae_wormholes
D:3:      layout_basic
D:4:      layout_basic, kennysheep_mini, temple_pool_b
D:5:      layout_basic, abandoned_shop, uniq_sigmund, uniq_eustachio
D:6:      layout_loops_corners, chequers_temple_overflow_statue_of_worship,
          minmay_a_box_with_orc_wizards_in_it
D:7:      layout_basic, nzn_ghost_randoct, grunt_tough_drop
D:8:      layout_cave_pods, grunt_temple_overflow_diamond, lair_entry_dummy,
          uniq_pikel
D:9:      layout_basic, serial_rivers, chequers_serial_rivers_micro_b,
          chequers_serial_rivers_micro_b, chequers_serial_rivers_room_b,
          chequers_serial_rivers_marsh, chequers_serial_rivers_micro_b
D:10:     layout_rooms, erik_orc_3, minmay_librarian, uniq_snorg, uniq_psyche,
          uniq_josephine
Temple:   eino_temple_rhombus

Skill      XL: |  1  2  3  4  5  6  7  8  9 10 |
---------------+-------------------------------+-----
Fighting       | 2 3 4 5 6 8 9 |  9.5
Throwing       | 4 5 6 |  6.0
Dodging        | 3 5 |  5.0
Maces & Flails | 4 8 |  8.3
Stealth        | |  0.3

Action                   |  1- 3 |  4- 6 |  7- 9 | 10-12 || total
-------------------------+-------+-------+-------+-------++-------
Melee: Unarmed           |   123 |   140 |   374 |   146 ||   783
       Short sword       |     2 |       |       |       ||     2
       Punch             |     3 |     2 |     3 |       ||     8
 Fire: Hunting sling     |       |       |    91 |    25 ||   116
Throw: Dart              |       |    17 |    11 |    10 ||    38
       Large rock        |       |     1 |     6 |     1 ||     8
       Throwing net      |       |       |     1 |       ||     1
       Boomerang         |       |       |       |     5 ||     5
Evoke: Wand              |       |       |     1 |       ||     1
  Use: Scroll            |       |     7 |     4 |     1 ||    12
       Potion            |       |       |     1 |     2 ||     3
 Stab: Sleeping          |       |     1 |       |       ||     1
       Distracted        |       |       |     1 |       ||     1
Armor: Robe              |    61 |    32 |   149 |    69 ||   311
       Skin              |       |       |       |     5 ||     5
Dodge: Dodged            |    62 |    70 |   211 |   127 ||   470
